 Dungeon Crawl Stone Soup version 0.30-a0-272-gf98c3da03f (webtiles) character file.

Game seed: 5251705651097154450

72 lunkers the Charlatan (level 4, -4/41 HPs)
             Began as a Meteoran Wanderer on Oct 16, 2022.
             Was a Priest of Zin.
             Slain by a gnoll
             ... wielding a +0 spear
              (5 damage)
             ... on level 3 of the Dungeon.
             The game lasted 00:02:48 (706 turns).

lunkers the Charlatan (Meteoran Wanderer)            Turns: 706, Time: 00:02:48

Health: -4/41      AC: 11    Str: 17    XL:     4   Next: 77%
Magic:  5/5        EV: 11    Int: 12    God:    Zin [***...]
Gold:   125        SH:  0    Dex: 13    Spells: 3/3 levels left

rFire   . . .      SeeInvis .    a - +0 hand axe
rCold   . . .      Faith    .    (no shield)
rNeg    . . .      Spirit   .    i - +0 ring mail
rPois   .          Reflect  .    g - +2 hat
rElec   .          Harm     .    (no cloak)
rCorr   .          Rampage  .    (no gloves)
Will    .....                    (no boots)
Stlth   +.........               (no amulet)
HPRegen 0.26/turn                b - +4 ring of protection
MPRegen 0.09/turn                f - ring of flight

@: on recite cooldown, flying, glowing
A: sense surroundings 1, otherworldly, glowing, explore regen
a: Renounce Religion, Recite, Vitalisation, Imprison, Donate Gold


You were on level 3 of the Dungeon.
You worshipped Zin.
Zin was most pleased with you.
You visited 1 branch of the dungeon, and saw 3 of its levels.

You collected 138 gold pieces.
You donated 13 gold pieces to Zin.

Inventory:

Hand Weapons
 a - a +0 hand axe (weapon)
Armour
 c - a +0 helmet
 e - a +0 leather armour
 g - a +2 hat (worn)
 i - a +0 ring mail (worn)
Jewellery
 b - a +4 ring of protection (left hand)
 f - a ring of flight (right hand)
Scrolls
 h - a scroll of amnesia {unknown}
 j - a scroll of enchant weapon {unknown}
 l - 3 scrolls of poison {unknown}
 m - a scroll of teleportation {unknown}
 n - a scroll of identify {unknown}
Potions
 d - 2 potions of curing
 k - a potion of flight {unknown}


   Skills:
 + Level 4.4 Fighting
 - Level 3.6 Axes
 - Level 2.4 Dodging
 - Level 4.8 Evocations


You had 3 spell levels left.
You didn't know any spells.
Your spell library contained the following spells:

 Spells                   Type           Power      Damage    Failure   Level
 Summon Small Mammal      Summ           0%         N/A       52%         1
 Call Canine Familiar     Summ           0%         N/A       88%         3
 Summon Guardian Golem    Hex/Summ       0%         N/A       88%         3


Dungeon Overview and Level Annotations

Branches:
Dungeon (3/15) Zot: 1082

Altars:
Zin


Innate Abilities, Weirdness & Mutations

You passively map a small area around you.
You are easily found by Zot.
You glow in the dark.
You regain HP and MP as you explore.


Message History

You hit the gnoll.
You kill the gnoll! "...aloft a silver sceptre!
The hordes of the Abyss..."
The gnoll is dazed by your recitation.
The gnoll shouts!
The gnoll is dazed by your recitation.
The gnoll shouts!
The gnoll is lost in a daze.
Unknown command.
You hit the gnoll.
The gnoll is severely wounded. "...were ousted, and thus the way of things was maintained."
You finish reciting Abominations 24:43.
The gnoll hits you but does no damage.
The gnoll hits you from afar with a +0 spear.
* * * LOW HITPOINT WARNING * * *
Press: ? - help, v - describe, . - travel, g - get item
Here: a gnoll, wielding a +0 flail (severely wounded, dazed) Item here: a +0 club.
The floor, spattered with blood.
Unknown command.
Unknown command.
Press: ? - help, v - describe, . - travel A rock wall.
You hit the gnoll.
The gnoll is almost dead.
The gnoll closely misses you.
The gnoll is lost in a daze.
You hit the gnoll.
You kill the gnoll!
The gnoll misses you. The gnoll hits you with a +0 spear.
* * * LOW HITPOINT WARNING * * *
The hobgoblin barely misses you.
Things that are here:
a +0 flail; a +0 club You barely miss the gnoll.
You hit the hobgoblin. The gnoll hits you but does no damage.
The hobgoblin hits you.
* * * LOW HITPOINT WARNING * * *
The hobgoblin misses you. The gnoll hits you with a +0 spear.
You die...

, * ....#* #.. ....# , *
###.# ,,....# , #....
,,....# #.#.##.### ....# *
#.#.##..., ....###, ,
#.#.##.#####g...(..
##......##..@g# *
#####.......##.##.#####.###,
....).##.##.##.##.##......
####..##.##.......##.##.# *
......##................# *
.)##..#####.##.##.#..<# *
#.......###.##........# *
####........#####.#...# *
.....##.##### #.).#### *


You could see a gnoll (dazed) and a hobgoblin.

Vanquished Creatures
  3 gnolls (D:3)
  2 dart slugs (D:1)
  6 orcs
  A bat (D:1)
  An endoplasm (D:1)
  2 giant cockroaches
  5 goblins
  2 hobgoblins
  2 jackals (D:3)
  A ball python (D:1)
  3 frilled lizards
  A kobold (D:2)
  4 rats (D:1)
33 creatures vanquished.

Notes
Turn   | Place    | Note
-------+----------+-------------------------------------------
     0 | D:1      | lunkers the Meteoran Wanderer began the quest for the Orb.
     0 | D:1      | lunkers set off with the following items: a +0 hand axe, a
                  | condenser vane, a +0 helmet, a potion of curing, a +0
                  | leather armour.
     0 | D:1      | Reached XP level 1. HP: 16/16 MP: 2/2
    85 | D:1      | Found a faded altar of an unknown god.
    92 | D:1      | Prayed at the altar of an unknown god.
    92 | D:1      | Became a worshipper of Zin the Law-Giver
    92 | D:1      | Reached * piety under Zin
   214 | D:1      | Reached XP level 2. HP: 24/24 MP: 3/3
   302 | D:1      | Reached ** piety under Zin
   431 | D:1      | Reached XP level 3. HP: 27/30 MP: 4/4
   496 | D:1      | Glimpsed the power of Zot.
   569 | D:1      | Reached *** piety under Zin
   661 | D:3      | Reached XP level 4. HP: 40/40 MP: 5/5
   705 | D:3      | HP: 2/41 [gnoll/+0 spear (2)]
   706 | D:3      | Slain by a gnoll

Illustrated notes

Levels and vault maps discovered:
D:1:      minmay_arrival_glassed_features, layout_basic,
          ebering_ecumenical_altar_webs, kennysheep_small_spiral,
          nrook_mini_backslash, nicolae_concentric_dashed_squares_wild
D:2:      layout_basic
D:3:      layout_loops_cross, corexii_hall_statues_x

Skill      XL: |  1  2  3  4 |
---------------+-------------+-----
Fighting       | 2 3 4 |  4.4
Axes           | |  3.6
Dodging        | |  2.4
Evocations     | |  4.8

Action                   |  1- 3 |  4- 6 || total
-------------------------+-------+-------++-------
Melee: Hand axe          |    72 |    17 ||    89
       Punch             |     2 |     1 ||     3
Invok: Recite            |       |     1 ||     1
Armor: Leather armour    |    11 |       ||    11
       Ring mail         |    25 |    12 ||    37
Dodge: Dodged            |    33 |    15 ||    48

Table legend: (Time is in decaauts)
 A = Elapsed time spent in this place.
 B = Non-inter-level travel time spent in this place.
 C = Inter-level travel time spent in this place.
 D = Time resting spent in this place.
 E = Time spent auto-exploring this place.
 F = Levels seen in this place.
 G = Mean time per level.
                   A        B        C        D        E       F      G
               +--------+--------+--------+--------+--------+-----+--------+
         Total |    716 |    665 |     51 |      0 |    357 |   3 |  238.7 |
       Dungeon |    716 |    665 |     51 |      0 |    357 |   3 |  238.7 |
               +--------+--------+--------+--------+--------+-----+--------+

Top non-repeatable levels by time:
     D:1: 519 daAuts
     D:3: 130 daAuts
     D:2: 65 daAuts
